 Dungeon Crawl Stone Soup version 0.23.2-1-ga50397a (webtiles) character file.

Game seed: 5281085723735451587

415 VAZYLA the Sneak (level 6, -1/47 HPs)
             Began as a Vampire Assassin on May 25, 2019.
             Slain by Duvessa
             ... wielding a +0 rapier
              (3 damage)
             ... on level 4 of the Dungeon.
             The game lasted 00:17:19 (5277 turns).

VAZYLA the Sneak (Vampire Assassin)                 Turns: 5277, Time: 00:17:19

Health: -1/47      AC:  0    Str: 11    XL:     6   Next: 60%
Magic:  4/6        EV: 22    Int: 14    God:
Gold:   143        SH:  0    Dex: 21    Spells: 5/5 levels left

rFire    . . .     SeeInvis +   (weapon currently unavailable)
rCold    + . .     Gourm    .   (shield currently unavailable)
rNeg     + + .     Faith    .   (armour currently unavailable)
rPois    +         Spirit   .   (helmet currently unavailable)
rElec    .         Reflect  .   (cloak currently unavailable)
rCorr    .         Harm     .   (gloves currently unavailable)
MR       .....                  (boots currently unavailable)
Stlth    ++++++....             (no amulet)
HPRegen  0.07/turn              (ring currently unavailable)
MPRegen  0.10/turn              (ring currently unavailable)

@: bat-form, flying, regenerating slowly, very quick
A: tiny, fangs 3, see invisible
a: End Transformation


You were on level 4 of the Dungeon.
You were very thirsty.
You were in vampire-bat-form.
You visited 1 branch of the dungeon, and saw 4 of its levels.

You collected 143 gold pieces.

Inventory:

Hand Weapons
 a - a +2 dagger
 b - a +1 blowgun (melded)
Missiles
 e - 4 poisoned needles
 f - 2 curare-tipped needles
 l - 4 needles of sleeping {!f}
 s - 65 stones (quivered)
Armour
 c - a +0 robe
 d - a +0 cloak (melded)
 k - a +0 ring mail (melded)
 p - a +0 scale mail of cold resistance
Jewellery
 o - a ring of poison resistance (melded)
 v - a ring of protection from cold (melded)
Scrolls
 h - a scroll of enchant weapon
 m - 3 scrolls of teleportation
 r - 2 scrolls of random uselessness {unknown}
 w - a scroll of identify
 x - a scroll of enchant armour {unknown}
 y - 2 scrolls of fog {unknown}
Potions
 g - a potion of resistance {unknown}
 i - a potion of curing {unknown}
 j - 2 potions of lignification
 n - 2 potions of haste {unknown}
 q - 15 potions of blood
 t - 2 potions of brilliance {unknown}
 u - 3 potions of heal wounds
 z - a potion of might {unknown}
 A - a potion of flight {unknown}
 B - a potion of magic {unknown}


   Skills:
 + Level 3.1 Fighting
 + Level 4.0 Short Blades
 + Level 3.0 Throwing
 + Level 3.3 Dodging
 + Level 7.5 Stealth


You had 5 spell levels left.
You didn't know any spells.
Your spell library was empty.

Dungeon Overview and Level Annotations

Branches:
Dungeon (4/15)
 Temple: D:4-7

Altars:
Ashenzari
Cheibriados
Dithmenos
Elyvilon
Fedhas
Okawaru
Ru
Sif Muna
Trog
Xom
Yredelemnul
Zin

Annotations:
D:4 Duvessa


Innate Abilities, Weirdness & Mutations

You heal slowly.
You have razor-sharp teeth.
You have supernaturally acute eyesight. (SInv)
((You can survive without breathing.))


Message History

Really fire
l - 6 needles of sleeping {!f}?
You shoot a needle of sleeping {!f}.
The needle of sleeping {!f} closely misses Duvessa.
The worker ant twitches its antennae in your direction.
The adder skeleton barely misses you. Duvessa hits you with a +0 rapier!
Firing (i - inventory. (/) - cycle)
l - 5 needles of sleeping (quivered)
{!f}
Press: ? - help, Shift-Dir - straight line, f/p - Duvessa
Aim: Duvessa, wielding a +0 rapier and wearing a +0 leather armour (berserk, fast, unusually strong, chance to sleep on hit: 75%) Really fire
l - 5 needles of sleeping {!f}?
You shoot a needle of sleeping {!f}.
The needle of sleeping {!f} hits Duvessa!
The adder skeleton bites you but does no damage.
Duvessa hits you with a +0 rapier!
* * * LOW HITPOINT WARNING * * *
You turn into a vampire bat.
Your +1 blowgun melds into your body.
Your +0 cloak melds into your body.
Your +0 ring mail melds into your body.
Your ring of poison resistance melds into your body.
Your ring of protection from cold melds into your body.
Duvessa hits you with a +0 rapier.
You die...

........##.
#.......#.
#........
#(a.....# ##
#....(..#
#...##.......#
........eZ..#
.####...b.#
..##)../.#
#.##.....#
#.##<##!....#
#....)...[รท.#
####.########
#.# #.# #.#


You could see Duvessa (berserk), a worker ant and an adder skeleton.

Vanquished Creatures
  An ogre (D:3)
  Dowan (D:4)
  2 orc wizards
  Terence (D:3)
  Natasha (thrice) (D:3)
  3 adders
  2 worms (D:2)
  2 dart slugs (D:2)
  4 leopard geckos
  12 orcs
  A giant cockroach (D:3)
  10 goblins
  7 hobgoblins
  A quokka (D:3)
  5 bats
  17 frilled lizards
  7 kobolds
  A quokka zombie (D:2)
  9 rats
89 creatures vanquished.

Notes
Turn   | Place    | Note
-------+----------+-------------------------------------------
     0 | D:1      | VAZYLA the Vampire Assassin began the quest for the Orb.
     0 | D:1      | Reached XP level 1. HP: 16/16 MP: 1/1
   183 | D:1      | Reached skill level 6 in Stealth
   280 | D:1      | Reached XP level 2. HP: 22/22 MP: 2/2
   714 | D:2      | Reached XP level 3. HP: 22/27 MP: 3/3
  1630 | D:3      | Found a snail-covered altar of Cheibriados.
  1633 | D:3      | Noticed Terence
  1700 | D:3      | Killed Terence
  1700 | D:3      | Reached XP level 4. HP: 19/34 MP: 4/4
  1967 | D:3      | Noticed a phantom
  2539 | D:3      | Noticed Natasha
  2565 | D:3      | Killed Natasha
  2909 | D:3      | Noticed Natasha
  2918 | D:3      | Killed Natasha
  3014 | D:3      | Reached XP level 5. HP: 39/39 MP: 5/5
  3068 | D:3      | Found a glowing silver altar of Zin.
  3078 | D:3      | Found a bloodstained altar of Trog.
  3097 | D:3      | Noticed Natasha
  3109 | D:3      | Killed Natasha
  3851 | D:3      | Found a deep blue altar of Sif Muna.
  3897 | D:3      | Found a shattered altar of Ashenzari.
  3904 | D:4      | Reached skill level 7 in Stealth
  3913 | D:4      | Noticed Dowan
  3915 | D:4      | Noticed Duvessa
  4003 | D:3      | Found a sacrificial altar of Ru.
  4005 | D:3      | Found an iron altar of Okawaru.
  4005 | D:3      | Found a shadowy altar of Dithmenos.
  4007 | D:3      | Found a basalt altar of Yredelemnul.
  4008 | D:3      | Found a shimmering altar of Xom.
  4009 | D:3      | Noticed an ogre
  4675 | D:3      | Killed an ogre
  4675 | D:3      | Reached XP level 6. HP: 47/47 MP: 6/6
  4761 | D:3      | Found a blossoming altar of Fedhas.
  4822 | D:3      | Found a white marble altar of Elyvilon.
  5260 | D:4      | Killed Dowan
  5276 | D:4      | HP: 2/47 [Duvessa/+0 rapier (17)]
  5277 | D:4      | Slain by Duvessa

Skill      XL: |  1  2  3  4  5  6 |
---------------+-------------------+-----
Stealth        | 6 7 |  7.5
Fighting       | 2 3 |  3.1
Throwing       | 2 3 |  3.0
Short Blades   | 3 4 |  4.0
Dodging        | 2 3 |  3.3

Action                   |  1- 3 |  4- 6 || total
-------------------------+-------+-------++-------
Melee: Dagger            |   134 |   140 ||   274
       Bite              |    17 |    11 ||    28
 Fire: Blowgun           |     3 |    19 ||    22
       Fustibalus        |       |     3 ||     3
 Abil: Bat Form          |       |     4 ||     4
       End Transformatio |       |     3 ||     3
  Use: Scroll            |     6 |     2 ||     8
       Potion            |       |     7 ||     7
 Stab: Sleeping          |     7 |    11 ||    18
       Distracted        |       |     1 ||     1
Armor: Ring mail         |    26 |    48 ||    74
Dodge: Dodged            |    47 |    62 ||   109
